APP
BLUEFIELD BLUE JAYS @ CLEVELAND (APP) INDIANS
07/19/2047
 
TOP OF THE 1ST
Bluefield Blue Jays batting - Pitching for Cleveland (APP) Indians : RHP Josh Hughes
Pitching: RHP Josh Hughes
Batting: RHB Jake Bronner 0-0: Ball
1-0: Swinging Strike
1-1: Ball
2-1: Ball
3-1: Ground out 4-3 (Groundball, P, EV 86.2 MPH)
Batting: RHB Mark Noftall 0-0: Swinging Strike
0-1: Swinging Strike
0-2: Ball
1-2: Reached on error, E5 (Groundball, 56, EV 80.0 MPH)
Batting: RHB Norm Mercer 0-0: Ball
1-0: Grounds into double play, 5-4-3 (Groundball, 56, EV 85.0 MPH)
Top of the 1st over - 0 runs, 0 hits, 1 error, 0 left on base; Bluefield 0 - Cleveland (APP) 0
BOTTOM OF THE 1ST
Cleveland (APP) Indians batting - Pitching for Bluefield Blue Jays : RHP Bradley Carriere
Pitching: RHP Bradley Carriere
Batting: RHB Ricky Cordova 0-0: Fly out, F8 (Flyball, 78XD, EV 101.9 MPH)
Batting: RHB Kenzo Shinoda 0-0: Ball
1-0: Foul Ball, location: 2F
1-1: Ball
2-1: Foul Ball, location: 2F
2-2: Ball
3-2: Base on Balls
Batting: RHB Gary Ming 0-0: Ball
1-0: Foul Ball, location: 2F
1-1: Foul Ball, location: 2F
1-2: Foul Ball, location: 2F
1-2: Ball
2-2: Foul Ball, location: 2F
2-2: Ball
3-2: Fly out, F8 (Line Drive, 8RD, EV 89.4 MPH)
Batting: LHB Devon Grant 0-0: Ball
1-0: Ball
2-0: Ball
3-0: Base on Balls
Kenzo Shinoda to second
Batting: RHB Luis Roman 0-0: Foul Ball, location: 2F
0-1: Ground out U3 (Groundball, 13, EV 89.4 MPH)
Bottom of the 1st over - 0 runs, 0 hits, 0 errors, 2 left on base; Bluefield 0 - Cleveland (APP) 0
TOP OF THE 2ND
Bluefield Blue Jays batting - Pitching for Cleveland (APP) Indians : RHP Josh Hughes
Batting: LHB Frank Nelson 0-0: Foul Ball, location: 2F
0-1: Ball
1-1: Foul Ball, location: 2F
1-2: SINGLE (Line Drive, 7S, EV 106.2 MPH)
Batting: RHB Victor Ayala 0-0: Ball
1-0: Fly out, F8 (Flyball, 8RM, EV 84.4 MPH)
Batting: RHB Ed Swafford 0-0: Ball
Frank Nelson is caught stealing 2nd base 2-4
1-0: Ground out 4-3 (Groundball, 4S, EV 71.2 MPH)
Top of the 2nd over - 0 runs, 1 hit, 0 errors, 0 left on base; Bluefield 0 - Cleveland (APP) 0
BOTTOM OF THE 2ND
Cleveland (APP) Indians batting - Pitching for Bluefield Blue Jays : RHP Bradley Carriere
Batting: RHB John Bianconi 0-0: Swinging Strike
0-1: Ball
1-1: Ball
2-1: Ball
3-1: Foul Ball, location: 2F
3-2: Fly out, F8 (Flyball, 8RM, EV 95.6 MPH)
Batting: LHB Shane Montalvo 0-0: Ball
1-0: Swinging Strike
1-1: Ball
2-1: Fly out, F4 (Line Drive, 4, EV 70.0 MPH)
Batting: SHB Javon Mitchell 0-0: Foul Ball, location: 2F
0-1: Swinging Strike
0-2: Ball
1-2: Ball
2-2: Ball
3-2: Base on Balls
Batting: RHB Nick Gossman 0-0: Called Strike
0-1: Ball
Javon Mitchell steals 2nd base
1-1: Ball
2-1: Ball
Passed Ball!
Javon Mitchell to third
3-1: Foul Ball, location: 2F
3-2: Strikes out swinging
Bottom of the 2nd over - 0 runs, 0 hits, 0 errors, 1 left on base; Bluefield 0 - Cleveland (APP) 0
TOP OF THE 3RD
Bluefield Blue Jays batting - Pitching for Cleveland (APP) Indians : RHP Josh Hughes
Batting: RHB Terry Plumley 0-0: Ball
1-0: Foul Ball, location: 2F
1-1: Swinging Strike
1-2: Ground out 5-3 (Groundball, 56, EV 102.5 MPH)
Batting: RHB Jorge Cruz 0-0: Ball
1-0: Called Strike
1-1: Foul Ball, location: 2F
1-2: Fly out, F9 (Flyball, 89S, EV 87.5 MPH)
Batting: RHB David Cooper 0-0: Foul Ball, location: 2F
0-1: Swinging Strike
0-2: Ball
1-2: Strikes out swinging
Top of the 3rd over - 0 runs, 0 hits, 0 errors, 0 left on base; Bluefield 0 - Cleveland (APP) 0
BOTTOM OF THE 3RD
Cleveland (APP) Indians batting - Pitching for Bluefield Blue Jays : RHP Bradley Carriere
Batting: RHB Ricky Cordova 0-0: Ball
1-0: Ball
2-0: Swinging Strike
2-1: Called Strike
2-2: Strikes out swinging, 2-3 out at first.
Batting: RHB Kenzo Shinoda 0-0: Ball
1-0: Ball
2-0: Ball
3-0: Called Strike
3-1: Base on Balls
Batting: RHB Gary Ming 0-0: Hit by Pitch
Kenzo Shinoda to second
Batting: LHB Devon Grant 0-0: Called Strike
Kenzo Shinoda steals 3rd base
0-1: Ball
1-1: Swinging Strike
1-2: Fielders Choice at 2nd, 4-6 (Groundball, 4, EV 83.8 MPH)
Kenzo Shinoda scores
Batting: RHB Luis Roman 0-0: Ball
1-0: Ball
2-0: Foul Ball, location: 2F
2-1: Fly out, F8 (Flyball, 8RXD, EV 84.4 MPH)
Bottom of the 3rd over - 1 run, 0 hits, 0 errors, 1 left on base; Bluefield 0 - Cleveland (APP) 1
TOP OF THE 4TH
Bluefield Blue Jays batting - Pitching for Cleveland (APP) Indians : RHP Josh Hughes
Batting: RHB Jake Bronner 0-0: Ball
1-0: Foul Ball, location: 2F
1-1: Ball
2-1: Foul Ball, location: 2F
2-2: Ground out 6-3 (Groundball, 6M, EV 105.6 MPH)
Batting: RHB Mark Noftall 0-0: Ball
1-0: Ball
2-0: Ball
3-0: Called Strike
3-1: Called Strike
3-2: Foul Ball, location: 2F
3-2: Base on Balls
Batting: RHB Norm Mercer 0-0: Ball
1-0: Ball
2-0: Ball
3-0: Base on Balls
Mark Noftall to second
Batting: LHB Frank Nelson 0-0: Fly out, F6 (Popup, 15, EV 77.5 MPH)
Batting: RHB Victor Ayala 0-0: Ball
1-0: Ground out 5-3 (Groundball, 56S, EV 71.2 MPH)
Top of the 4th over - 0 runs, 0 hits, 0 errors, 2 left on base; Bluefield 0 - Cleveland (APP) 1
BOTTOM OF THE 4TH
Cleveland (APP) Indians batting - Pitching for Bluefield Blue Jays : RHP Bradley Carriere
Batting: RHB John Bianconi 0-0: TRIPLE (Groundball, 3L, EV 111.2 MPH)
Batting: LHB Shane Montalvo 0-0: Called Strike
0-1: Called Strike
0-2: Foul Ball, location: 2F
0-2: Ground out 4-3 (Groundball, 34, EV 104.4 MPH)
John Bianconi scores
Batting: SHB Javon Mitchell 0-0: Called Strike
0-1: Fly out, F9 (Flyball, 9, EV 87.5 MPH)
Batting: RHB Nick Gossman 0-0: Called Strike
0-1: Ball
1-1: Called Strike
1-2: Ball
2-2: Strikes out swinging
Bottom of the 4th over - 1 run, 1 hit, 0 errors, 0 left on base; Bluefield 0 - Cleveland (APP) 2
TOP OF THE 5TH
Bluefield Blue Jays batting - Pitching for Cleveland (APP) Indians : RHP Josh Hughes
Batting: RHB Ed Swafford 0-0: Ball
1-0: Called Strike
1-1: Swinging Strike
1-2: Foul Ball, location: 2F
1-2: Ball
2-2: Ball
3-2: Foul Ball, location: 2F
3-2: Fly out, F8 (Flyball, 89D, EV 103.8 MPH)
Batting: RHB Terry Plumley 0-0: Foul Ball, location: 2F
0-1: Ball
1-1: Called Strike
1-2: Ball
2-2: Ground out 6-3 (Groundball, 6, EV 93.1 MPH)
Batting: RHB Jorge Cruz 0-0: Called Strike
0-1: Ball
1-1: Ball
2-1: Ground out 6-3 (Groundball, 6, EV 96.9 MPH)
Top of the 5th over - 0 runs, 0 hits, 0 errors, 0 left on base; Bluefield 0 - Cleveland (APP) 2
BOTTOM OF THE 5TH
Cleveland (APP) Indians batting - Pitching for Bluefield Blue Jays : RHP Bradley Carriere
Batting: RHB Ricky Cordova 0-0: Ball
1-0: Ball
2-0: Ball
3-0: Called Strike
3-1: Foul Ball, location: 2F
3-2: Base on Balls
Batting: RHB Kenzo Shinoda 0-0: Foul Ball, location: 2F
0-1: Fly out, F8 (Flyball, 8LM, EV 73.1 MPH)
Batting: RHB Gary Ming 0-0: Called Strike
0-1: Ball
Wild Pitch!
Ricky Cordova to second
1-1: Ball
2-1: Ball
3-1: Base on Balls
Batting: LHB Devon Grant 0-0: Fielders Choice at 2nd, 4-6 (Groundball, 4, EV 80.0 MPH)
Ricky Cordova to third
Batting: RHB Luis Roman 0-0: Ball
1-0: Ball
2-0: Ball
3-0: Base on Balls
Devon Grant to second
Batting: RHB John Bianconi 0-0: Ground out 3-1 (Groundball, 34, EV 81.2 MPH)
Bottom of the 5th over - 0 runs, 0 hits, 0 errors, 3 left on base; Bluefield 0 - Cleveland (APP) 2
TOP OF THE 6TH
Bluefield Blue Jays batting - Pitching for Cleveland (APP) Indians : RHP Josh Hughes
Batting: RHB David Cooper 0-0: Ball
1-0: Foul Ball, location: 2F
1-1: Ball
2-1: Ground out 6-3 (Groundball, 6, EV 86.2 MPH)
Batting: RHB Jake Bronner 0-0: Ball
1-0: Swinging Strike
1-1: Ground out U3 (Groundball, 3, EV 99.4 MPH)
Batting: RHB Mark Noftall 0-0: Foul Ball, location: 2F
0-1: Swinging Strike
0-2: Foul Ball, location: 2F
0-2: Foul Ball, location: 2F
0-2: Foul Ball, location: 2F
0-2: Foul Ball, location: 2F
0-2: Hit by Pitch
Batting: RHB Norm Mercer 0-0: Ground out U3 (Groundball, 3L, EV 101.2 MPH)
Top of the 6th over - 0 runs, 0 hits, 0 errors, 1 left on base; Bluefield 0 - Cleveland (APP) 2
BOTTOM OF THE 6TH
Cleveland (APP) Indians batting - Pitching for Bluefield Blue Jays : RHP Bradley Carriere
Batting: LHB Shane Montalvo 0-0: Foul Ball, location: 2F
0-1: Ball
1-1: Ball
2-1: Ground out 4-3 (Groundball, 34D, EV 102.5 MPH)
Batting: SHB Javon Mitchell 0-0: Ball
1-0: Called Strike
1-1: Ball
2-1: Ball
3-1: Foul Ball, location: 2F
3-2: Base on Balls
Pitching: RHP Jason Hanson
Batting: RHB Nick Gossman 0-0: Ball
Balk!
Javon Mitchell to second
1-0: Ball
2-0: Swinging Strike
2-1: Foul Ball, location: 2F
2-2: Ball
3-2: Foul Ball, location: 2F
3-2: Strikes out swinging
Batting: RHB Ricky Cordova 0-0: Ball
1-0: Foul Ball, location: 2F
1-1: Ball
2-1: Ball
3-1: Swinging Strike
3-2: Foul Ball, location: 2F
3-2: Fly out, F8 (Flyball, 8RM, EV 77.5 MPH)
Bottom of the 6th over - 0 runs, 0 hits, 0 errors, 1 left on base; Bluefield 0 - Cleveland (APP) 2
TOP OF THE 7TH
Bluefield Blue Jays batting - Pitching for Cleveland (APP) Indians : RHP Josh Hughes
Batting: LHB Frank Nelson 0-0: Foul Ball, location: 2F
0-1: Ball
1-1: SINGLE (Groundball, 4MD, EV 104.4 MPH)
Batting: RHB Victor Ayala 0-0: Called Strike
0-1: Called Strike
0-2: Foul Ball, location: 2F
0-2: Strikes out swinging
Batting: RHB Ed Swafford 0-0: Ball
1-0: Fielders Choice at 2nd, 6-4 (Groundball, 6, EV 79.4 MPH)
Batting: RHB Terry Plumley 0-0: Swinging Strike
0-1: Swinging Strike
0-2: Reached on error, E6 (Groundball, 6, EV 76.2 MPH)
Ed Swafford to second
Pinch Hitting: LHB Lothar Middelkoop 0-0: Ball
1-0: Foul Ball, location: 2F
1-1: Foul Ball, location: 2F
1-2: Ball
2-2: Fly out, F7 (Flyball, 7S, EV 88.1 MPH)
Top of the 7th over - 0 runs, 1 hit, 1 error, 2 left on base; Bluefield 0 - Cleveland (APP) 2
BOTTOM OF THE 7TH
Cleveland (APP) Indians batting - Pitching for Bluefield Blue Jays : RHP Jason Hanson
Now at SS: Lothar Middelkoop
Batting: RHB Kenzo Shinoda 0-0: Ball
1-0: Foul Ball, location: 2F
1-1: Swinging Strike
1-2: Single, Error in OF, E9, batter to second base (Line Drive, 9LS, EV 95.6 MPH)
Batting: RHB Gary Ming 0-0: Ball
1-0: 2-RUN HOME RUN (Flyball, 9D, EV 98.8 MPH), Distance : 390 ft
Batting: LHB Devon Grant 0-0: Ball
1-0: Called Strike
1-1: Ball
2-1: Foul Ball, location: 2F
2-2: Strikes out swinging
Batting: RHB Luis Roman 0-0: Fly out, F8 (Flyball, 8LD, EV 77.5 MPH)
Batting: RHB John Bianconi 0-0: Foul Ball, location: 2F
0-1: Foul Ball, location: 2F
0-2: Ball
1-2: Ball
2-2: Foul Ball, location: 2F
2-2: SOLO HOME RUN (Flyball, 78XD, EV 99.4 MPH), Distance : 403 ft
Batting: LHB Shane Montalvo 0-0: Ball
1-0: Ball
2-0: Swinging Strike
2-1: Swinging Strike
2-2: Foul Ball, location: 2F
2-2: Ground out 4-3 (Groundball, 34, EV 106.2 MPH)
Bottom of the 7th over - 3 runs, 3 hits, 1 error, 0 left on base; Bluefield 0 - Cleveland (APP) 5
TOP OF THE 8TH
Bluefield Blue Jays batting - Pitching for Cleveland (APP) Indians : RHP Josh Hughes
Batting: RHB David Cooper 0-0: Ball
1-0: Called Strike
1-1: Ball
2-1: Swinging Strike
2-2: Ball
3-2: Foul Ball, location: 2F
3-2: Base on Balls
Pitching: LHP Jordan Jimenez
Batting: RHB Jake Bronner 0-0: SINGLE (Groundball, 56S, EV 65.6 MPH) (infield hit)
David Cooper to second
Batting: RHB Mark Noftall 0-0: Foul Ball, location: 2F
0-1: Called Strike
0-2: Ball
1-2: Ball
2-2: Ball
3-2: Strikes out swinging
Batting: RHB Norm Mercer 0-0: DOUBLE (Flyball, 78XD, EV 110.0 MPH)
David Cooper scores
Jake Bronner to third
Batting: LHB Frank Nelson 0-0: Called Strike
0-1: Foul Ball, location: 2F
0-2: Ball
1-2: Strikes out looking
Batting: RHB Victor Ayala 0-0: Called Strike
0-1: Foul Ball, location: 2F
0-2: Ball
1-2: Ball
2-2: Foul Ball, location: 2F
2-2: Foul Ball, location: 2F
2-2: Ball
3-2: Strikes out swinging
Top of the 8th over - 1 run, 2 hits, 0 errors, 2 left on base; Bluefield 1 - Cleveland (APP) 5
BOTTOM OF THE 8TH
Cleveland (APP) Indians batting - Pitching for Bluefield Blue Jays : RHP Jason Hanson
Pitching: RHP Bill Couch
Batting: SHB Javon Mitchell 0-0: Called Strike
0-1: Ball
1-1: Foul Ball, location: 2F
1-2: Strikes out swinging
Batting: RHB Nick Gossman 0-0: Ball
1-0: Ball
2-0: Foul Ball, location: 2F
2-1: Foul Ball, location: 2F
2-2: Foul Ball, location: 2F
2-2: Strikes out swinging
Batting: RHB Ricky Cordova 0-0: Swinging Strike
0-1: Swinging Strike
0-2: Foul Ball, location: 2F
0-2: Foul Ball, location: 2F
0-2: Strikes out swinging
Bottom of the 8th over - 0 runs, 0 hits, 0 errors, 0 left on base; Bluefield 1 - Cleveland (APP) 5
TOP OF THE 9TH
Bluefield Blue Jays batting - Pitching for Cleveland (APP) Indians : LHP Jordan Jimenez
Batting: RHB Ed Swafford 0-0: Foul Ball, location: 2F
0-1: Ball
1-1: Foul Ball, location: 2F
1-2: Strikes out looking
Batting: RHB Terry Plumley 0-0: Called Strike
0-1: Ball
1-1: Foul Ball, location: 2F
1-2: DOUBLE (Line Drive, 89XD, EV 105.0 MPH)
Batting: LHB Lothar Middelkoop 0-0: Ball
1-0: Fly out, F9 (Flyball, 89S, EV 82.5 MPH)
Batting: RHB David Cooper 0-0: Ball
1-0: Called Strike
1-1: Ball
2-1: Ball
3-1: Ground out 4-3 (Groundball, 34, EV 83.1 MPH)
Top of the 9th over - 0 runs, 1 hit, 0 errors, 1 left on base; Bluefield 1 - Cleveland (APP) 5
Thursday, December 15th , 2022 - OOTP Baseball 23.9 Build 102